MWL (24 & UNDER)
CINCINNATI PRIDE @ PLUMSTEAD EAGLES
08/18/2025
 
TOP OF THE 1ST
Cincinnati Pride batting - Pitching for Plumstead Eagles : RHP Iván Márquez
Pitching: RHP Iván Márquez
Batting: LHB Gerardo Guzmán 0-0: Ball
1-0: Foul Ball, location: 2F
1-1: Ball
2-1: Foul Ball, location: 2F
2-2: Foul Ball, location: 2F
2-2: Ball
3-2: Foul Ball, location: 2F
3-2: Foul Ball, location: 2F
3-2: SINGLE (Line Drive, 6M)
Batting: RHB Michael Skinner 0-0: Ball
1-0: SINGLE (Line Drive, 9S)
Gerardo Guzmán to second
Runner from 2nd tries for 3rd, SAFE, throw made to third
Michael Skinner to second
Batting: LHB John Clark 0-0: Ball
1-0: Ball
2-0: Foul Ball, location: 2F
2-1: Called Strike
2-2: SINGLE (Line Drive, 6M)
Gerardo Guzmán scores
Michael Skinner to third
Runner from 3rd tries for Home, SAFE, throw made home
Batting: RHB Norris Howard 0-0: Called Strike
0-1: Ball
1-1: Called Strike
1-2: Strikes out swinging
Batting: RHB Roberto Chávez 0-0: Foul Ball, location: 2F
0-1: Foul Ball, location: 2F
0-2: Foul Ball, location: 2F
0-2: SINGLE (Line Drive, 8LS)
John Clark to second
Batting: LHB Ángel Tuzzi 0-0: Ball
1-0: Called Strike
1-1: SINGLE (Groundball, 34D) (infield hit)
John Clark to third
Roberto Chávez to second
Batting: RHB Randy Simons 0-0: Called Strike
0-1: Ball
1-1: Called Strike
1-2: Strikes out looking
Batting: RHB Micheal Banks 0-0: Fly out, F7 (Flyball, 7LS)
Top of the 1st over - 2 run(s), 5 hit(s), 0 error(s), 3 left on base; Cincinnati 2 - Plumstead 0
BOTTOM OF THE 1ST
Plumstead Eagles batting - Pitching for Cincinnati Pride : RHP Jesús Andrade
Pitching: RHP Jesús Andrade
Batting: RHB Carlos Palomón 0-0: Fly out, F9 (Popup, 34D)
Batting: RHB Pablo Villarreal 0-0: Ball
1-0: Fly out, F8 (Flyball, 8LM)
Batting: RHB Juan Caceres 0-0: Called Strike
0-1: Ball
1-1: Ball
2-1: Swinging Strike
2-2: Ball
3-2: Foul Ball, location: 2F
3-2: Strikes out looking
Bottom of the 1st over - 0 run(s), 0 hit(s), 0 error(s), 0 left on base; Cincinnati 2 - Plumstead 0
TOP OF THE 2ND
Cincinnati Pride batting - Pitching for Plumstead Eagles : RHP Iván Márquez
Batting: RHB Bartolo Montero 0-0: Foul Ball, location: 2F
0-1: Fly out, F3 (Popup, 3L)
Batting: LHB Gerardo Guzmán 0-0: Ball
1-0: Called Strike
1-1: Ground out 3-1 (Groundball, 34)
Batting: RHB Michael Skinner 0-0: Ball
1-0: Foul Ball, location: 2F
1-1: Called Strike
1-2: Ball
2-2: Strikes out swinging
Top of the 2nd over - 0 run(s), 0 hit(s), 0 error(s), 0 left on base; Cincinnati 2 - Plumstead 0
BOTTOM OF THE 2ND
Plumstead Eagles batting - Pitching for Cincinnati Pride : RHP Jesús Andrade
Batting: RHB Ethan Moore 0-0: Foul Ball, location: 2F
0-1: Ball
1-1: Called Strike
1-2: Strikes out swinging
Batting: LHB Víctor Peña 0-0: Fly out, F5 (Popup, 5F)
Batting: RHB Kolomon Meise 0-0: Ball
1-0: Ground out 4-3 (Groundball, 4)
Bottom of the 2nd over - 0 run(s), 0 hit(s), 0 error(s), 0 left on base; Cincinnati 2 - Plumstead 0
TOP OF THE 3RD
Cincinnati Pride batting - Pitching for Plumstead Eagles : RHP Iván Márquez
Batting: LHB John Clark 0-0: Ground out U3 (Groundball, 3S)
Batting: RHB Norris Howard 0-0: Called Strike
0-1: Called Strike
0-2: Strikes out swinging
Batting: RHB Roberto Chávez 0-0: Foul Ball, location: 2F
0-1: Swinging Strike
0-2: Ball
1-2: Foul Ball, location: 2F
1-2: SOLO HOME RUN (Flyball, 7D), Distance : 359 ft
Batting: LHB Ángel Tuzzi 0-0: Ball
1-0: Called Strike
1-1: Called Strike
1-2: Strikes out swinging
Top of the 3rd over - 1 run(s), 1 hit(s), 0 error(s), 0 left on base; Cincinnati 3 - Plumstead 0
BOTTOM OF THE 3RD
Plumstead Eagles batting - Pitching for Cincinnati Pride : RHP Jesús Andrade
Batting: RHB Marvin Beauregard 0-0: Reached on error, E6 (Groundball, 6)
Batting: RHB Howard Johnson 0-0: Called Strike
0-1: Ball
1-1: Ball
2-1: SINGLE (Line Drive, 4D)
Marvin Beauregard to third
Batting: LHB Jeff West 0-0: Ball
1-0: Foul Ball, location: 2F
1-1: Ball
2-1: Foul Ball, location: 2F
2-2: DOUBLE (Line Drive, 78D)
Marvin Beauregard scores
Howard Johnson to third
Howard Johnson scores
Batting: RHB Carlos Palomón 0-0: Called Strike
Jeff West is caught stealing 3rd base
0-1: Swinging Strike
0-2: Foul Ball, location: 2F
0-2: Ball
1-2: Foul Ball, location: 2F
1-2: Strikes out swinging
Batting: RHB Pablo Villarreal 0-0: Ball
1-0: Swinging Strike
1-1: Ball
2-1: Foul Ball, location: 2F
2-2: Ball
3-2: SINGLE (Groundball, 6MD)
Batting: RHB Juan Caceres 0-0: Ball
1-0: Ball
Pablo Villarreal steals 2nd base
2-0: Called Strike
2-1: Fly out, F9 (Flyball, 9M)
Bottom of the 3rd over - 2 run(s), 3 hit(s), 1 error(s), 1 left on base; Cincinnati 3 - Plumstead 2
TOP OF THE 4TH
Cincinnati Pride batting - Pitching for Plumstead Eagles : RHP Iván Márquez
Batting: RHB Randy Simons 0-0: Ball
1-0: Fly out, F6 (Line Drive, 6)
Batting: RHB Micheal Banks 0-0: Ball
1-0: Called Strike
1-1: SINGLE (Groundball, 13) (infield hit)
Batting: RHB Bartolo Montero 0-0: Foul Ball, location: 2F
0-1: Called Strike
0-2: Fly out, F7 (Flyball, 7D)
Batting: LHB Gerardo Guzmán 0-0: Called Strike
0-1: DOUBLE (Flyball, 7LS)
Micheal Banks to third
Runner from 3rd tries for Home, SAFE, throw made home
Batting: RHB Michael Skinner 0-0: Called Strike
0-1: Ball
1-1: Called Strike
1-2: Strikes out swinging
Top of the 4th over - 1 run(s), 2 hit(s), 0 error(s), 1 left on base; Cincinnati 4 - Plumstead 2
BOTTOM OF THE 4TH
Plumstead Eagles batting - Pitching for Cincinnati Pride : RHP Jesús Andrade
Batting: RHB Ethan Moore 0-0: Ground out 6-3 (Groundball, 6)
Batting: LHB Víctor Peña 0-0: Ball
1-0: Called Strike
1-1: Swinging Strike
1-2: Hit by Pitch
Batting: RHB Kolomon Meise 0-0: Foul Ball, location: 2F
0-1: Foul Ball, location: 2F
0-2: Ball
1-2: Strikes out swinging
Batting: RHB Marvin Beauregard 0-0: Ball
1-0: Fly out, F3 (Popup, 3F)
Bottom of the 4th over - 0 run(s), 0 hit(s), 0 error(s), 1 left on base; Cincinnati 4 - Plumstead 2
TOP OF THE 5TH
Cincinnati Pride batting - Pitching for Plumstead Eagles : RHP Iván Márquez
Batting: LHB John Clark 0-0: Ball
1-0: Called Strike
1-1: Swinging Strike
1-2: Foul Ball, location: 2F
1-2: Strikes out looking
Batting: RHB Norris Howard 0-0: Ball
1-0: Ball
2-0: SINGLE (Groundball, 6MD)
Batting: RHB Roberto Chávez 0-0: Called Strike
0-1: 2-RUN HOME RUN (Flyball, 7D), Distance : 370 ft
Batting: LHB Ángel Tuzzi 0-0: Ball
1-0: Ball
2-0: Ball
3-0: Called Strike
3-1: Base on Balls
Batting: RHB Randy Simons 0-0: Foul Ball, location: 2F
0-1: Called Strike
0-2: Foul Ball, location: 2F
0-2: Ball
Ángel Tuzzi steals 2nd base
1-2: Foul Ball, location: 2F
1-2: Ball
2-2: Ball
3-2: SINGLE (Flyball, 78S)
Ángel Tuzzi to third
Runner from 3rd tries for Home, SAFE, no throw or cutoff
Pitching: RHP Archie King
Batting: RHB Micheal Banks 0-0: Swinging Strike
0-1: Called Strike
0-2: Ball
1-2: Strikes out swinging
Batting: RHB Bartolo Montero 0-0: Called Strike
Randy Simons steals 2nd base
0-1: Foul Ball, location: 2F
0-2: Foul Ball, location: 2F
0-2: Strikes out swinging
Top of the 5th over - 3 run(s), 3 hit(s), 0 error(s), 1 left on base; Cincinnati 7 - Plumstead 2
BOTTOM OF THE 5TH
Plumstead Eagles batting - Pitching for Cincinnati Pride : RHP Jesús Andrade
Batting: RHB Howard Johnson 0-0: Called Strike
0-1: Swinging Strike
0-2: Strikes out swinging
Batting: LHB Jeff West 0-0: Ball
1-0: Ball
2-0: Ball
3-0: Foul Ball, location: 2F
3-1: Foul Ball, location: 2F
3-2: Base on Balls
Batting: RHB Carlos Palomón 0-0: Ball
1-0: Foul Ball, location: 2F
1-1: Ball
2-1: Swinging Strike
2-2: Ball
3-2: Strikes out looking
Batting: RHB Pablo Villarreal 0-0: Called Strike
0-1: SINGLE (Flyball, 6MD)
Jeff West to second
Batting: RHB Juan Caceres 0-0: Swinging Strike
0-1: Ball
1-1: Called Strike
1-2: Foul Ball, location: 2F
1-2: DOUBLE (Line Drive, 8RD)
Jeff West scores
Pablo Villarreal to third
Runner from 3rd tries for Home, SAFE, no throw or cutoff
Batting: RHB Ethan Moore 0-0: Ball
1-0: Ball
2-0: Ball
3-0: Called Strike
3-1: Ground out 1-3 (Groundball, 15)
Bottom of the 5th over - 2 run(s), 2 hit(s), 0 error(s), 1 left on base; Cincinnati 7 - Plumstead 4
TOP OF THE 6TH
Cincinnati Pride batting - Pitching for Plumstead Eagles : RHP Archie King
Batting: LHB Gerardo Guzmán 0-0: SOLO HOME RUN (Flyball, 9LD), Distance : 372 ft
Batting: RHB Michael Skinner 0-0: Foul Ball, location: 2F
0-1: Ball
1-1: Ball
2-1: Fly out, F9 (Flyball, 9S)
Batting: LHB John Clark 0-0: Ball
1-0: Foul Ball, location: 2F
1-1: Called Strike
1-2: Strikes out swinging
Batting: RHB Norris Howard 0-0: Fly out, F1 (Line Drive, 13)
Top of the 6th over - 1 run(s), 1 hit(s), 0 error(s), 0 left on base; Cincinnati 8 - Plumstead 4
BOTTOM OF THE 6TH
Plumstead Eagles batting - Pitching for Cincinnati Pride : RHP Jesús Andrade
Batting: LHB Víctor Peña 0-0: Fly out, F9 (Flyball, 89D)
Batting: RHB Kolomon Meise 0-0: Called Strike
0-1: Fly out, F9 (Line Drive, 89M)
Batting: RHB Marvin Beauregard 0-0: Ball
1-0: Ball
2-0: Ball
3-0: Called Strike
3-1: Base on Balls
Pitching: LHP Josh Wall
Batting: RHB Howard Johnson 0-0: Ball
Marvin Beauregard steals 2nd base
1-0: Foul Ball, location: 2F
1-1: Swinging Strike
1-2: Foul Ball, location: 2F
1-2: Ball
2-2: Fly out, F9 (Flyball, 9M)
Bottom of the 6th over - 0 run(s), 0 hit(s), 0 error(s), 1 left on base; Cincinnati 8 - Plumstead 4
TOP OF THE 7TH
Cincinnati Pride batting - Pitching for Plumstead Eagles : RHP Archie King
Batting: RHB Roberto Chávez 0-0: Ball
1-0: Ball
2-0: Ball
3-0: Called Strike
3-1: Base on Balls
Batting: LHB Ángel Tuzzi 0-0: Ball
1-0: Foul Ball, location: 2F
1-1: Foul Ball, location: 2F
1-2: Strikes out swinging
Pitching: LHP Pat Bruce
Batting: RHB Randy Simons 0-0: Swinging Strike
0-1: Called Strike
0-2: Ball
1-2: Strikes out swinging
Batting: RHB Micheal Banks 0-0: Ball
1-0: Called Strike
1-1: Fly out, F8 (Flyball, 8RM)
Top of the 7th over - 0 run(s), 0 hit(s), 0 error(s), 1 left on base; Cincinnati 8 - Plumstead 4
BOTTOM OF THE 7TH
Plumstead Eagles batting - Pitching for Cincinnati Pride : LHP Josh Wall
Batting: LHB Jeff West 0-0: Ball
1-0: Called Strike
1-1: Called Strike
1-2: Ball
2-2: Foul Ball, location: 2F
2-2: Ball
3-2: Foul Ball, location: 2F
3-2: Base on Balls
Batting: RHB Carlos Palomón 0-0: Called Strike
0-1: Foul Ball, location: 2F
0-2: Ball
1-2: Strikes out swinging
Batting: RHB Pablo Villarreal 0-0: Ball
1-0: Ball
2-0: Called Strike
2-1: Ball
3-1: Foul Ball, location: 2F
3-2: Foul Ball, location: 2F
3-2: Strikes out swinging
Batting: RHB Juan Caceres 0-0: Ball
1-0: Foul Ball, location: 2F
1-1: Ball
2-1: Called Strike
2-2: Ball
Jeff West steals 2nd base
3-2: Strikes out swinging
Bottom of the 7th over - 0 run(s), 0 hit(s), 0 error(s), 1 left on base; Cincinnati 8 - Plumstead 4
TOP OF THE 8TH
Cincinnati Pride batting - Pitching for Plumstead Eagles : LHP Pat Bruce
Batting: RHB Bartolo Montero 0-0: Called Strike
0-1: Ball
1-1: Fly out, F5 (Line Drive, 5)
Batting: LHB Gerardo Guzmán 0-0: Ball
1-0: Foul Ball, location: 2F
1-1: Called Strike
1-2: Strikes out swinging
Batting: RHB Michael Skinner 0-0: Fly out, F8 (Flyball, 8LM)
Top of the 8th over - 0 run(s), 0 hit(s), 0 error(s), 0 left on base; Cincinnati 8 - Plumstead 4
BOTTOM OF THE 8TH
Plumstead Eagles batting - Pitching for Cincinnati Pride : LHP Josh Wall
Batting: RHB Ethan Moore 0-0: Called Strike
0-1: Foul Ball, location: 2F
0-2: Foul Ball, location: 2F
0-2: Strikes out swinging
Batting: LHB Víctor Peña 0-0: Swinging Strike
0-1: Ball
1-1: Ball
2-1: Ball
3-1: Foul Ball, location: 2F
3-2: Base on Balls
Batting: RHB Kolomon Meise 0-0: Called Strike
0-1: Foul Ball, location: 2F
0-2: Ball
1-2: Grounds into double play, 5-4-3 (Groundball, 5)
Bottom of the 8th over - 0 run(s), 0 hit(s), 0 error(s), 0 left on base; Cincinnati 8 - Plumstead 4
TOP OF THE 9TH
Cincinnati Pride batting - Pitching for Plumstead Eagles : LHP Pat Bruce
Batting: LHB John Clark 0-0: Fly out, F9 (Flyball, 89M)
Batting: RHB Norris Howard 0-0: Ball
1-0: Swinging Strike
1-1: Ball
2-1: DOUBLE (Flyball, 9LM)
Batting: RHB Roberto Chávez 0-0: Intentional Walk
Batting: LHB Ángel Tuzzi 0-0: Called Strike
0-1: Foul Ball, location: 2F
0-2: Grounds into double play, 4-6-3 (Groundball, 34)
Top of the 9th over - 0 run(s), 1 hit(s), 0 error(s), 1 left on base; Cincinnati 8 - Plumstead 4
BOTTOM OF THE 9TH
Plumstead Eagles batting - Pitching for Cincinnati Pride : LHP Josh Wall
Batting: RHB Marvin Beauregard 0-0: Fly out, F9 (Flyball, 9M)
Batting: RHB Howard Johnson 0-0: Swinging Strike
0-1: Foul Ball, location: 2F
0-2: SINGLE (Line Drive, 34D)
Batting: LHB Jeff West 0-0: Ball
1-0: Called Strike
1-1: Swinging Strike
1-2: Foul Ball, location: 2F
1-2: Ball
2-2: Foul Ball, location: 2F
2-2: Ball
3-2: Base on Balls
Howard Johnson to second
Pitching: RHP Fernando Silva
Batting: RHB Carlos Palomón 0-0: Called Strike
0-1: Called Strike
0-2: Strikes out swinging
Batting: RHB Pablo Villarreal 0-0: Ball
1-0: Ground out 4-3 (Groundball, 4)
Bottom of the 9th over - 0 run(s), 1 hit(s), 0 error(s), 2 left on base; Cincinnati 8 - Plumstead 4
This league is powered by Out of the Park Baseball, the baseball management simulation game for PC, Mac and Linux
Tuesday, August 2nd, 2016 - OOTP Baseball 16.8 Build 38